 Dungeon Crawl Stone Soup version 0.19.5 (webtiles) character file.

40 asthiss the Shield-Bearer (level 3, -2/33 HPs)
             Began as a Minotaur Fighter on Mar 3, 2017.
             Slain by Sigmund
             ... wielding a +1 scythe of protection
              (3 damage)
             ... on level 2 of the Dungeon.
             The game lasted 00:07:09 (1353 turns).

asthiss the Shield-Bearer (Minotaur Fighter)        Turns: 1353, Time: 00:07:10

Health: -2/33      AC:  0    Str: 21    XL:     3   Next: 30%
Magic:  2/2        EV: 17    Int:  5    God:
Gold:   87         SH:  0    Dex: 14    Spells: 0 memorised, 2 levels left

rFire  . . .     SeeInvis .     (weapon currently unavailable)
rCold  . . .     Gourm    .     (armour currently unavailable)
rNeg   . . .     Faith    .     (shield currently unavailable)
rPois  .         Spirit   .     (helmet currently unavailable)
rElec  .         Reflect  .     (cloak currently unavailable)
rCorr  .         Harm     .     (gloves currently unavailable)
MR     .....                    (boots currently unavailable)
Stlth  +.........               (no amulet)
                                (ring currently unavailable)
                                (ring currently unavailable)

@: bat-form, flying, very quick
A: (retaliatory headbutt), (horns 0), rugged brown scales 1, deterioration 1,
MP-powered wands
a: no special abilities


You were on level 2 of the Dungeon.
You were not hungry.
You were in bat-form.
You visited 1 branch of the dungeon, and saw 2 of its levels.

You collected 87 gold pieces.

Inventory:

Hand Weapons
 a - a +0 long sword (melded)
Armour
 b - a +0 scale mail (melded)
 c - a +0 shield (melded)
 e - a +0 ring mail
Scrolls
 h - a scroll of identify
 j - a scroll of teleportation
Potions
 d - a potion of might
 g - a potion of invisibility
Comestibles
 f - 2 bread rations
 i - a beef jerky


   Skills:
 + Level 4.0 Fighting
 + Level 3.0 Long Blades
 + Level 3.9 Armour
 + Level 0.2 Dodging
 + Level 4.4 Shields


You had 2 spell levels left.
You didn't know any spells.

Dungeon Overview and Level Annotations

Branches:
Dungeon (2/15)

Altars:
Cheibriados
Dithmenos
Sif Muna

Annotations:
D:2 Sigmund


Innate Abilities, Weirdness & Mutations

((You reflexively headbutt those who attack you in melee.))
((You have a pair of horns on your head.))
(You are partially covered in rugged brown scales. (AC +1, +3% HP))
Your body sometimes deteriorates upon taking damage.
You expend magic power (3 MP) to strengthen your wands.


Message History

The magic dart hits you!
Your scale mail prevents you from hitting something.
You hear a zap.
You turn into a bat.
Your +0 long sword melds into your body.
Your +0 shield melds into your body.
Your +0 scale mail melds into your body.
You hit something but do no damage.
You hear a zap.
You hit something but do no damage. You completely miss something.
Something hits you.
You hit something but do no damage. You barely miss something.
You hit something but do no damage.
You hear some strange, mumbled words.
A magic dart appears from out of thin air!
The magic dart hits you!
* * * LOW HITPOINT WARNING * * *
You completely miss something. Something hits you.
You die...

..# #.# #.# ...
#.# #g# #{# #b#
#)# #.# ###.#
#.((# #.###
#+###########.#
#.##.......##.#
#.##.###......#


You could see a goblin.

Vanquished Creatures
  An ooze (D:2)
  A worm (D:2)
  A leopard gecko (D:2)
  2 giant cockroaches (D:1)
  A goblin (D:2)
  5 hobgoblins
  6 kobolds
  A quokka (D:2)
  2 ball pythons
  6 bats
  A frilled lizard (D:2)
  6 rats
33 creatures vanquished.

Notes
Turn   | Place    | Note
-------+----------+-------------------------------------------
     0 | D:1      | asthiss the Minotaur Fighter began the quest for the Orb.
     0 | D:1      | Reached XP level 1. HP: 19/19 MP: 0/0
   196 | D:1      | Reached XP level 2. HP: 27/27 MP: 1/1
   775 | D:2      | Found a shadowy altar of Dithmenos.
   795 | D:2      | Found a deep blue altar of Sif Muna.
   901 | D:2      | Reached XP level 3. HP: 33/33 MP: 2/2
   961 | D:2      | Found a snail-covered altar of Cheibriados.
  1151 | D:2      | Gained mutation: Your body sometimes deteriorates upon taking damage. [potion of mutation]
  1151 | D:2      | Gained mutation: You are partially covered in rugged brown scales. (AC +1, +3% HP) [potion of mutation]
  1151 | D:2      | Gained mutation: You expend magic power (3 MP) to strengthen your wands. [potion of mutation]
  1340 | D:2      | Noticed Sigmund
  1352 | D:2      | HP: 1/33 [something/magic dart (11)]
  1353 | D:2      | Slain by Sigmund

Skill      XL: |  1  2  3 |
---------------+----------+-----
Shields        | 4 |  4.4
Long Blades    | 3 |  3.0
Fighting       | 4 |  4.0
Armour         | |  3.9
Dodging        | |  0.2

Action                   || total
-------------------------++-------
Melee: Long sword        ||    82
       Headbutt          ||    10
       Unarmed           ||     7
  Use: Scroll            ||     3
       Potion            ||     3
  Eat: Meat ration       ||     1
Armor: Scale mail        ||    38
Dodge: Dodged            ||    23
Block: Shield            ||    59
       Rpst.: Long sword ||     2
